 Dungeon Crawl Stone Soup version bcrawl-1.13 (webtiles) character file.

Game seed: 15343333478094908350

382 Ebbett the Conjurer (level 6, -7/36 HPs)
             Began as a Fairy Conjurer on July 25, 2019.
             Was a Believer of Fedhas.
             Mangled by a slime creature (11 damage)
             ... on level 4 of the Dungeon.
             The game lasted 00:06:37 (1665 turns).

Ebbett the Conjurer (Fairy Conjurer)                Turns: 1665, Time: 00:06:38

Health: -7/36      AC:  5    Str:  6    XL:     6   Next: 76%
Magic:  2/16       EV: 17    Int: 20    God:    Fedhas [**....]
Gold:   168        SH:  5    Dex: 13    Spells: 12/16 levels left

rFire    . . .     SeeInvis .   (weapon restricted)
rCold    . . .     Gourm    .   (shield restricted)
rNeg     . . .     Faith    .   (armour unavailable)
rPois    .         Spirit   .   (no helmet)
rElec    .         Reflect  .   (no cloak)
rCorr    .         Harm     .   (no gloves)
MR       .....                  (no boots)
Stlth    +.........             (no amulet)
HPRegen  0.12/turn              (no ring)
MPRegen  0.15/turn              (no ring)

@: flying evasively
A: small, magic attunement, unstealthy, unfitting armour, able to fly, AC/SH +5
a: Stop Flying, Fungal Bloom, Sunlight, Evolution, Renounce Religion


You were on level 4 of the Dungeon.
You worshipped Fedhas.
Fedhas was pleased with you.
You were very hungry.

You visited 1 branch of the dungeon, and saw 4 of its levels.

You collected 168 gold pieces.

Inventory:

Jewellery
 r - a +5 ring of evasion {unknown}
Wands
 m - a wand of digging (10)
Scrolls
 a - 3 scrolls of teleportation {unknown}
 c - 3 scrolls of identify {unknown}
 d - 3 scrolls of enchant weapon {unknown}
 g - 4 scrolls of amnesia {unknown}
 i - a scroll of enchant armour {unknown}
 j - a scroll of fog {unknown}
 l - 2 scrolls of blinking {unknown}
 n - a scroll of magic mapping {unknown}
 p - a scroll of remove curse {unknown}
Potions
 e - a potion of heal wounds {unknown}
 f - 2 potions of curing {unknown}
 h - a potion of might {unknown}
 k - a potion of brilliance {unknown}
 o - a potion of lignification {unknown}
 s - a potion of ambrosia {unknown}
Comestibles
 b - 8 rations {!d}


   Skills:
 + Level 3.5 Dodging
 + Level 1.7 Stealth
 + Level 5.8 Spellcasting
 + Level 7.4 Conjurations


You had 12 spell levels left.
You knew the following spells:

 Your Spells              Type           Power        Failure   Level  Hunger
a - Magic Dart            Conj           ####         1%          1    None
b - Iskenderun's Mystic   Conj           #####...     1%          3    None

Your spell library contained the following spells:

 Spells                   Type           Power        Failure   Level  Hunger
 Searing Ray              Conj           #####.       1%          2    None
 Fulminant Prism          Conj/Hex       ###.......   22%         4    None
 Irradiate                Conj/Tmut      ###.......   54%         5    None


Dungeon Overview and Level Annotations

Branches:
Dungeon (4/12)
 Temple: D:4-7

Altars:
Cheibriados
Fedhas
Okawaru

Annotations:
D:4 1 transporter


Innate Abilities, Weirdness & Mutations

Your spells do not cause hunger and MP costs are reduced by 1.
Your bright wings attract enemies. (Stealth-)
You cannot fit into any form of body armour.
Your shimmering scales are hard and can block incoming attacks. (AC +5, SH +5)
You are small and have problems with some larger weapons.
You can fly continuously.


Message History

Press: ? - help, Shift-Dir - straight line, f/p - slime creature
Aim: a slime creature (moderately wounded)
The orb of energy hits the slime creature.
The slime creature is heavily wounded.
The orb of energy explodes!
The mystic blast hits the eye of draining.
You kill the eye of draining!
Fedhas appreciates your composting. The slime creature hits you!
* * * LOW HITPOINT WARNING * * *
Casting: Iskenderun's Mystic Blast (safe; 1% risk of failure)
Confirm with . or Enter, or press ? or * to list all spells.
Aiming: Iskenderun's Mystic Blast (safe; 1% risk of failure)
Press: ? - help, Shift-Dir - straight line, f/p - slime creature
Aim: a slime creature (heavily wounded)
The orb of energy hits the slime creature.
The slime creature is severely wounded.
The orb of energy explodes!
The slime creature hits you!
You die...
Fedhas appreciates your contribution to the ecosystem.

..........#
..........##########
.......#...........##
.........#########..#
........##...©...##.#
........#8..#.#..8#.#
.....##.#$$#...#..#.##
........#_?.......#..##
.......©#.$....@J!#©..#
... ....#_!.......#...#
##. ....#$[#...#..#.#.#
....#8.[#.#..8#.#.####
##. .....##......# .#
#######..####.# .
...............#
###.##########..##
.......<.........#


You could see a slime creature.

Vanquished Creatures
  An eye of draining (D:4)
  An ice beast (D:3)
  A bullfrog (D:4)
  A crimson imp (D:4)
  An adder (D:2)
  4 worms
  5 dart slugs
  3 leopard geckos
  2 orcs (D:3)
  5 giant cockroaches (D:1)
  10 hobgoblins
  2 quokkas (D:2)
  4 bats (D:1)
  2 frilled lizards (D:1)
  7 goblins
  9 kobolds
  14 rats
72 creatures vanquished.

Notes
Turn   | Place    | Note
-------+----------+-------------------------------------------
     0 | D:1      | Ebbett the Fairy Conjurer began the quest for the Orb.
     0 | D:1      | Reached XP level 1. HP: 11/11 MP: 6/6
    39 | D:1      | Reached skill level 5 in Conjurations
    99 | D:1      | Reached XP level 2. HP: 17/17 MP: 7/7
   276 | D:1      | Reached XP level 3. HP: 15/21 MP: 9/9
   638 | D:2      | Reached skill level 6 in Conjurations
   638 | D:2      | Reached XP level 4. HP: 27/27 MP: 11/11
   942 | D:2      | Found a faded altar of an unknown god.
   955 | D:2      | Became a worshipper of Fedhas Madash
   955 | D:2      | Reached * piety under Fedhas
  1017 | D:3      | Learned a level 3 spell: Iskenderun's Mystic Blast
  1021 | D:3      | Noticed an ice beast
  1024 | D:3      | Killed an ice beast
  1024 | D:3      | Reached XP level 5. HP: 31/31 MP: 5/14
  1614 | D:4      | Found a transporter.
  1617 | D:4      | Found a transporter.
  1619 | D:4      | Noticed a slime creature
  1620 | D:4      | Noticed an eye of draining
  1626 | D:4      | Found a snail-covered altar of Cheibriados.
  1626 | D:4      | Found an iron altar of Okawaru.
  1639 | D:4      | Reached skill level 5 in Spellcasting
  1639 | D:4      | Reached XP level 6. HP: 36/36 MP: 8/15
  1662 | D:4      | Reached ** piety under Fedhas
  1662 | D:4      | Reached skill level 7 in Conjurations
  1664 | D:4      | Killed an eye of draining
  1665 | D:4      | Mangled by a slime creature

Skill      XL: |  1  2  3  4  5  6 |
---------------+-------------------+-----
Conjurations   | 5 6 7 |  7.4
Spellcasting   | 3 4 5 |  5.8
Dodging        | 3 |  3.5
Stealth        | |  1.7

Action                   |  1- 3 |  4- 6 || total
-------------------------+-------+-------++-------
 Cast: Magic Dart        |    94 |    42 ||   136
       Iskenderun's Myst |       |    23 ||    23
  Eat: Chunk             |       |     1 ||     1
Armor: Skin              |     3 |     1 ||     4
Dodge: Dodged            |    21 |     6 ||    27
Block: Other             |     2 |     2 ||     4
